 Dungeon Crawl Stone Soup version 0.18-b1-22-ge198996 (webtiles) character file.

68 Chiseanne the Magician (level 4, 27/30 HPs)
             Began as a Demonspawn Wizard on May 4, 2016.
             Quit the game on level 2 of the Dungeon.
             The game lasted 00:04:35 (2475 turns).

Chiseanne the Magician (Demonspawn Wizard)          Turns: 2475, Time: 00:04:36

Health: 27/30      AC:  4    Str:  8    XL:     4   Next: 1%
Magic:  1/10       EV: 12    Int: 20    God:
Gold:   86         SH:  0    Dex: 11    Spells: 3 memorised, 6 levels left

rFire  . . .     SeeInvis .     i - +0 short sword
rCold  . . .     Gourm    .     a - +0 robe
rNeg   . . .     Faith    .     (no shield)
rPois  .         Spirit   +     m - +0 helmet
rElec  .         Dismiss  .     (no cloak)
rCorr  .         Reflect  .     (no gloves)
SustAt .         Harm     .     s - +0 pair of boots
MR     .....                    (no amulet)
Stlth  ++........               (no ring)
                                (no ring)

@: very slightly contaminated, repel missiles, not resistant to hostile
enchantments, unstealthy
A: hooves 1, magic shield
a: no special abilities


You were on level 2 of the Dungeon.
You were not hungry.

You visited 1 branch of the dungeon, and saw 2 of its levels.

You collected 86 gold pieces.

Inventory:

Hand Weapons
 i - a +0 short sword (weapon)
 j - a cursed -3 short sword
Missiles
 e - 93 stones (quivered)
 l - 44 arrows
 r - 13 sling bullets
Armour
 a - a +0 robe (worn)
 m - a +0 helmet (worn)
 s - a +0 pair of boots (worn)
Jewellery
 n - an uncursed amulet of faith {unknown}
 q - an uncursed amulet of magic regeneration {unknown}
Scrolls
 b - a scroll of identify {unknown}
Potions
 f - 2 potions of heal wounds {unknown}
 h - a potion of mutation {unknown}
 o - 2 potions of cure mutation {unknown}
 p - 2 potions of curing
Books
 c - a book of Minor Magic

   Spells                             Type                      Level
   a - Magic Dart                     Conjuration                  1
   b - Blink                          Translocation                2
   c - Call Imp                       Summoning                    2
   d - Repel Missiles                 Charms/Air                   2
   e - Slow                           Hexes                        2
   f - Conjure Flame                  Conjuration/Fire             3
   g - Mephitic Cloud                 Conjuration/Poison/Air       3
Comestibles
 d - 3 bread rations
 g - a beef jerky
 k - a meat ration


   Skills:
 - Level 1.7 Dodging
 - Level 1.7 Stealth
 * Level 4.0 Spellcasting
 * Level 2.4 Conjurations
   Level 1.0 Summonings
 - Level 0.8 Translocations


You had 6 spell levels left.
You knew the following spells:

 Your Spells              Type           Power        Failure   Level  Hunger
a - Magic Dart            Conj           ##..         6%          1    None
b - Blink                 Tloc           N/A          17%         2    #......
c - Repel Missiles        Chrm/Air       #.....       21%         2    #......


Dungeon Overview and Level Annotations

Branches:
Dungeon (2/15)

Altars:


Innate Abilities, Weirdness & Mutations

You have large cloven feet.
When hurt, damage is shared between your health and your magic reserves.


Message History

You miscast Magic Dart.
You are momentarily dazzled by a flash of light!
The adder closely misses you.
Casting: Magic Dart
Confirm with . or Enter, or press ? or * to list all spells.
Aiming: Magic Dart
Press: ? - help, Shift-Dir - straight line, f/p - adder
Aim: an adder (almost dead)
The magic dart hits the adder.
The adder is almost dead.
The adder barely misses you.
Casting: Magic Dart
Confirm with . or Enter, or press ? or * to list all spells.
You don't have enough magic to cast that spell.
You hit the adder.
You kill the adder!
You have reached level 4!
You feel stronger.
Your demonic ancestry asserts itself...
Your feet thicken and deform.
Are you sure you want to abandon this character and quit the game? (Confirm with "yes".)

###.##############
#.# #.# #.# #.#
#.# #.# #.# #@#
#.†......
#########


There were no monsters in sight!

Vanquished Creatures
  2 adders (D:2)
  A worm (D:2)
  A dart slug (D:1)
  6 bats
  5 giant cockroaches
  3 hobgoblins
  8 kobolds
  5 giant newts
  8 goblins
  7 rats
46 creatures vanquished.

Notes
Turn   | Place    | Note
--------------------------------------------------------------
     0 | D:1      | Chiseanne the Demonspawn Wizard began the quest for the Orb.
     0 | D:1      | Reached XP level 1. HP: 13/13 MP: 4/4
   418 | D:1      | Gained mutation: When hurt, damage is shared between your health and your magic reserves. [demonic ancestry]
   418 | D:1      | Reached XP level 2. HP: 12/19 MP: 1/6
   746 | D:1      | Learned a level 2 spell: Blink
   749 | D:1      | Learned a level 2 spell: Repel Missiles
  1614 | D:2      | Reached XP level 3. HP: 20/24 MP: 0/8
  2393 | D:2      | Reached skill level 4 in Spellcasting
  2474 | D:2      | Gained mutation: You have large cloven feet. [demonic ancestry]
  2474 | D:2      | Reached XP level 4. HP: 27/30 MP: 0/10
  2475 | D:2      | Quit the game

Skill      XL: |  1  2  3 |
---------------+----------+-----
Conjurations   | 2 |  2.4
Spellcasting   | 4 |  4.0
Dodging        | |  1.7
Stealth        | |  1.7
Summonings     | |  1.0
Translocations | |  0.8

Action                   |  1- 3 |  4- 6 || total
-------------------------+-------+-------++-------
Melee: Club              |    16 |       ||    16
       Unarmed           |     9 |       ||     9
       Short sword       |    43 |       ||    43
 Cast: Magic Dart        |    96 |       ||    96
       Repel Missiles    |     3 |       ||     3
  Use: Scroll            |     3 |       ||     3
  Eat: Chunk             |     5 |       ||     5
Armor: Robe              |    24 |       ||    24
Dodge: Dodged            |    77 |       ||    77
       Deflected         |     2 |       ||     2
